AoeStats
← Bosco De Gama

Arabia

508476599Analyzed
1v1 RM · 8d ago on Sep 22, 2026· 31m 39s· 2 players
Game mode
Random Map
Map size
Tiny (2 player)
Population
200
Speed
Normal
Resources
Standard
Victory
Conquest
Starting age
Dark Age
Ending age
Imperial Age
RankedLock teamsTeams togetherTeam positionsShared explorationLock speedFull tech treeHidden civsTurbo modeCheats
Victory
Defeat
🇪🇸 Romans · Spain
1179
+14
🇬🇧 Inca · United Kingdom
1136
-14
Gouldy928
7:37 Loom
10:20 Feudal Age
12:00 Double-Bit Axe
16:34 Fletching
22:55 Castle Age
21:44 Padded Archer Armor
22:14 Horse Collar
22:29 Gold Mining
22:56 Crossbowman
23:32 Bodkin Arrow
25:28 Wheelbarrow
28:13 Town Watch
Bosco De Gama
3:05 Loom
10:07 Feudal Age
10:10 Man-at-Arms
12:19 Double-Bit Axe
17:30 Padded Archer Armor
18:01 Horse Collar
24:15 Castle Age
22:47 Scale Barding Armor
23:28 Gold Mining
23:53 Forging
24:52 Bloodlines
25:31 Elite Skirmisher
29:36 Husbandry
32:16 Wheelbarrow
Connection lost

Rejoining the realm…

Still unreachable

The connection could not be restored.

Session expired

The server has moved on; the page needs a fresh start.